 Dungeon Crawl Stone Soup version 0.21.0-3-g78d12a8 (webtiles) character file.

315268 mopl the Phalangite (level 21, -22/166 HPs)
             Began as a Merfolk Skald on Jan 15, 2018.
             Was the Champion of Okawaru.
             Annihilated by a titanic slime creature (33 damage)
             ... while paralysed by a great orb of eyes
             ... on level 4 of the Pits of Slime.
             The game lasted 02:25:45 (41318 turns).

mopl the Phalangite (Merfolk Skald)                Turns: 41318, Time: 02:25:45

Health: -22/166    AC: 20    Str: 11      XL:     21   Next: 37%
Magic:  1/19       EV:  2    Int: 22 (23) God:    Okawaru [******]
Gold:   2383       SH:  0    Dex: 33      Spells: 9/26 levels left

rFire    + + .     SeeInvis +   a - +2 glaive of Nor Zor {flame, +Inv rN++ MR+ Dex+2}
rCold    + . .     Gourm    .   (shield currently unavailable)
rNeg     + + .     Faith    +   E - +5 ring mail of the Yeti {*Contam rF+ Int+6}
rPois    .         Spirit   .   o - +2 helmet of the Insatiable Yaks {rC+ rCorr Int+4}
rElec    +         Reflect  .   f - scarf {repulsion}
rCorr    +         Harm     .   H - +2 pair of gloves {Dex+3}
MR       ++...                  u - +1 pair of boots {run}
Stlth    ++++++....             j - amulet of faith {!P}
HPRegen  0.37/turn              J - ring of Shadows {Umbra +Inv Stlth+}
MPRegen  0.16/turn              r - ring of the Leaf {rElec rF+ MP-9 Dex+7 SInv, =R}

@: paralysed, wreathed by umbra, repel missiles, quick
A: change form in water, swift swim, stealthy swim, blurry vision 1,
deterioration 2, weak 1, MP-powered wands
}: 2/15 runes: barnacled, gossamer
a: Heroism, Finesse, Renounce Religion, Evoke Invisibility


You were on level 4 of the Pits of Slime.
You worshipped Okawaru.
Okawaru was exalted by your worship.
You were not hungry.

You visited 8 branches of the dungeon, and saw 39 of its levels.
You visited 1 bazaar.
You also visited: Sewer and Ice Cave.

You collected 4486 gold pieces.
You spent 2103 gold pieces at shops.

Inventory:

Hand Weapons
 a - the +2 glaive of Nor Zor (weapon) {flame, +Inv rN++ MR+ Dex+2}
   (Okawaru gifted it to you on level 9 of the Dungeon)

   It has been specially enchanted to burn those struck by it, causing extra
   injury to most foes and up to half again as much damage against particularly
   susceptible opponents.
   Big, fiery blades are also staple armaments of hydra-hunters.
   It affects your dexterity (+2).
   It greatly protects you from negative energy.
   It affects your resistance to hostile enchantments.
   It lets you turn invisible.
Missiles
 l - 2 tomahawks of dispersal
 Q - 89 tomahawks (quivered)
 V - 16 throwing nets
Armour
 f - a scarf of repulsion (worn)
 o - the +2 helmet of the Insatiable Yaks (worn) {rC+ rCorr Int+4}
   (You took it off Robin on level 3 of the Dungeon)

   It affects your intelligence (+4).
   It protects you from cold.
   It protects you from acid and corrosion.
 u - a +1 pair of boots of running (worn)
 E - the +5 ring mail of the Yeti (worn) {*Contam rF+ Int+6}
   (You found it on level 2 of the Lair of Beasts)

   It affects your intelligence (+6).
   It protects you from fire.
   It causes magical contamination when unequipped.
 H - a +2 pair of gloves of dexterity (worn)
Jewellery
 j - an amulet of faith (around neck) {!P}
 r - the ring of the Leaf (right hand) {rElec rF+ MP-9 Dex+7 SInv, =R}
   (You found it on level 4 of the Spider Nest)

   [ring of see invisible]

   It affects your dexterity (+7).
   It protects you from fire.
   It insulates you from electricity.
   It affects your magic capacity (-9).
   It lets you see invisible.
 x - the ring of Wifevvac {rPois rC+ rN+ Str-5 SInv}
   (You took it off a deep elf master archer on level 3 of the Elven Halls)

   [ring of see invisible]

   It affects your strength (-5).
   It protects you from cold.
   It protects you from poison.
   It protects you from negative energy.
   It lets you see invisible.
 J - the ring of Shadows (left hand) {Umbra +Inv Stlth+}
   (You found it on level 7 of the Dungeon)

   [ring of stealth]

   It lets you turn invisible.
   It makes you more stealthy.
Wands
 g - a wand of acid (18)
 h - a wand of clouds (4)
 m - a wand of digging (7)
 q - a wand of enslavement (16)
 t - a wand of iceblast (19)
 y - a wand of paralysis (23)
 L - a wand of disintegration (16)
 W - a wand of scattershot (1)
Scrolls
 s - 4 scrolls of immolation
 w - 5 scrolls of identify
 A - 5 scrolls of fog
 B - 27 scrolls of remove curse
 D - 2 scrolls of summoning
 I - a scroll of blinking
 K - 3 scrolls of silence {!r}
 M - 23 scrolls of teleportation
 N - 5 scrolls of magic mapping
 P - 4 scrolls of vulnerability
 R - a scroll of fear
 S - a scroll of torment {!r}
Potions
 b - 7 potions of cancellation
 c - 7 potions of haste
 i - 7 potions of might
 k - 4 potions of curing
 n - 2 potions of resistance
 p - 5 potions of ambrosia
 z - 11 potions of heal wounds
 C - 7 potions of agility
 F - 2 potions of invisibility
 U - a potion of berserk rage {!q}
 X - 7 potions of flight
Miscellaneous
 e - a fan of gales
 v - 2 boxes of beasts
 G - a lamp of fire
 Z - a sack of spiders
Comestibles
 d - 68 rations


   Skills:
 + Level 14.7 Fighting
 * Level 25.8 Polearms
 * Level 14.8 Throwing
 + Level 6.3 Armour
 + Level 17.1 Dodging
 - Level 5.0 Stealth
 - Level 3.2 Spellcasting
 + Level 7.3 Hexes
 - Level 10.0 Charms
 - Level 6.0 Necromancy
 - Level 5.0 Translocations
 + Level 5.1 Transmutations
 - Level 8.0 Invocations
 - Level 10.0 Evocations


You had 9 spell levels left.
You knew the following spells:

 Your Spells              Type           Power        Failure   Level  Hunger
b - Song of Slaying       Chrm           #####...     1%          2    ##.....
c - Spectral Weapon       Hex/Chrm       #####...     2%          3    ###....
e - Blink                 Tloc           N/A          4%          2    ##.....
f - Shroud of Golubria    Chrm/Tloc      #####.....   1%          2    ##.....
r - Regeneration          Chrm/Necr      #####.....   2%          3    ###....
Y - Yara's Violent Unrav  Hex/Tmut       ####......   50%         5    ######.


Dungeon Overview and Level Annotations

Branches:
Dungeon (15/15)            Temple (0/1) D:7            Lair (6/6) D:8
 Shoals (4/4) Lair:4       Spider (4/4) Lair:2        Slime (4/5) Lair:5
    Orc (2/2) D:11            Elf (3/3) Orc:2        Vaults (1/5) D:14
 Depths (0/5) D:15

Altars:
Ashenzari
Cheibriados
Dithmenos
Fedhas
Hepliaklqana
Makhleb
Okawaru
Qazlal
Sif Muna
Trog
Uskayaw
Zin
The Shining One
Beogh
Jiyva

Shops:
D:5 !   D:11 *(   D:13 %   D:15 !:[!*   Orc:2 %}%?   Elf:1 (:   Elf:2 %
Elf:3 :%

Annotations:
D:15 ignorance


Innate Abilities, Weirdness & Mutations

You revert to your normal form in water.
You are very nimble and swift while swimming.
You are very stealthy in the water. (Stealth+)
Scrolls take you a little longer to read.
Your body often deteriorates upon taking damage.
You are weak. (Str -2)
You expend magic power (3 MP) to strengthen your wands.


Message History

The great orb of eyes gazes at you. You resist with almost no effort.
Two slime creatures merge to form a titanic slime creature.
The slime creature hits you. The titanic slime creature hits you!!!
* * * LOW HITPOINT WARNING * * *
Your body deteriorates!
You feel dopey. The slime creature hits you.
* * * LOW HITPOINT WARNING * * *
A large slime creature splits.
Two slime creatures merge to form a large slime creature.
The great orb of eyes gazes at you. You resist with almost no effort.
The slime creature hits you!
* * * LOW HITPOINT WARNING * * *
The titanic slime creature hits you!
* * * LOW HITPOINT WARNING * * *
The great orb of eyes bites you but does no damage.
The titanic slime creature hits you!!
You die...

#...##.....##.##
......#....#...##.
............#.....
................#.
#............#...#
................#.
........J.J.......
....>...JJGG......
.........J@...#.#
#........J...##
.........#..#..#
...##........ ...#
.## #.......#. ...
#.........#. ..
............. .
........... .<


You could see a great orb of eyes, a titanic slime creature, a large slime
creature, 4 slime creatures and an eye of draining.

Vanquished Creatures
  4 deep elf master archers (Elf:3)
  A deep elf blademaster (Elf:2)
  5 acid blobs
  Frances (D:12)
  Roxanne (Elf:2)
  Ilsuiw (Shoals:4)
  2 deep elf sorcerers
  An azure jelly (Slime:2)
  A vault warden (Vaults:1)
  8 emperor scorpions
  A ghost moth (Spider:4)
  5 deep elf elementalists (Elf:3)
  An orc warlord (Orc:2)
  2 stone giants
  3 ironheart preservers
  6 entropy weavers
  The ghost of Nattefrost the Grappler, a journeyman TrMo of Yredelemnul (Lair:5)
  4 deep elf annihilators (Elf:3)
  7 deep elf demonologists
  3 spark wasps
  3 deep elf death magi
  13 merfolk impalers
  A death ooze (Slime:2)
  3 merfolk javelineers
  A great orb of eyes (Slime:2)
  5 yaktaur captains (Vaults:1)
  7 ogre magi (Vaults:1)
  6 deep elf high priests
  2 ice dragons (Vaults:1)
  Harold (Lair:3)
  A rakshasa (Vaults:1)
  10 vault guards
  5 hydras
  2 merfolk aquamancers
  6 centaur warriors
  23 dancing weapons
  A satyr (Shoals:2)
  21 two-headed ogres
  8 death yaks (D:14)
  A tengu warrior (D:14)
  Nergalle (D:12)
  22 deep elf knights
  4 skeletal warriors
  4 sea snakes
  7 unseen horrors
  An ironbrand convoker (D:14)
  7 deep elf archers
  A kraken simulacrum (Shoals:4)
  2 wizards
  A wolf spider zombie (D:13)
  A phantasmal warrior (Vaults:1)
  15 orc knights
  13 harpies
  18 orb spiders
  7 orc sorcerers
  28 wolf spiders
  9 cyclopes
  7 fauns
  A necromancer (D:15)
  46 ugly things
  A moth of wrath (Spider:4)
  49 deep elf magi
  15 manticores
  3 shining eyes
  The ghost of Gigax the Martial Artist, a novice OpMo of Okawaru (D:6)
  4 black mambas
  7 vault sentinels
  2 eyes of devastation
  7 merfolk sirens
  15 elephants (Lair:6)
  A black mamba (shapeshifter) (Elf:1)
  A water nymph (Shoals:3)
  6 centaur zombies
  3 ice statues (IceCv)
  6 spiny frogs
  Psyche (D:8)
  A torpor snail (Spider:2)
  3 gargoyles
  16 demonic crawlers
  10 komodo dragons
  A tengu conjurer (D:14)
  9 yaktaurs (Vaults:1)
  38 jumping spiders
  8 trolls
  A meliai (shapeshifter) (D:13)
  6 wind drakes
  27 merfolk
  5 polar bears
  A wolf spider simulacrum (D:15)
  26 slime creatures
  7 hornets
  16 dream sheep
  8 blink frogs
  10 snapping turtles
  9 hippogriffs
  A raiju (shapeshifter) (Vaults:1)
  Sigmund (D:3)
  13 spriggans
  9 water elementals
  3 wraiths
  99 redbacks
  4 basilisks
  34 tarantellas
  A centaur simulacrum (D:15)
  Eustachio (D:6)
  26 yaks
  2 fire elementals
  2 humans
  A hungry ghost (D:10)
  Menkaure (D:5)
  15 wargs
  3 acid dragons
  4 porcupines
  12 water moccasins
  8 ice beasts
  47 orc warriors
  An eye of draining (Slime:1)
  3 black bears (Lair:6)
  5 boggarts (Lair:6)
  A necrophage (D:13)
  A phantom (D:4)
  4 sky beasts
  23 wolves
  23 ogres
  18 crocodiles
  20 centaurs
  9 big kobolds
  14 bullfrogs
  A gnoll sergeant (D:5)
  3 earth elementals
  5 scorpions
  18 killer bees
  A human simulacrum (Vaults:1)
  4 wights (D:9)
  9 electric eels
  12 crimson imps
  8 howler monkeys
  A bullfrog zombie (D:8)
  19 orc priests
  The ghost of letownia2 the Magician, a weakling VSWz (D:4)
  9 hounds
  3 jellies
  A bullfrog skeleton (D:12)
  28 orc wizards
  2 centaur skeletons
  Natasha (thrice) (D:2)
  10 iguanas
  7 hell rats (Lair:5)
  12 worker ants
  2 hound skeletons
  A worker ant zombie (D:10)
  Robin (D:3)
  4 gnolls (D:5)
  15 adders
  4 river rats
  3 shadow imps
  12 white imps (D:15)
  12 oozes
  An adder zombie (D:9)
  7 worms
  5 dart slugs
  4 leopard geckos
  98 orcs
  3 ball pythons
  8 bats
  5 giant cockroaches
  12 goblins
  7 hobgoblins
  9 jackals
  4 quokkas
  7 frilled lizards
  A jackal skeleton (D:4)
  29 kobolds
  2 leopard gecko skeletons
  A quokka skeleton (D:4)
  10 rats
  2 plants
  A spectral weapon (Spider:4)
  A tentacle (Shoals:4)
1534 creatures vanquished.

Vanquished Creatures (others)
  A kobold demonologist (D:15)
  A raiju (shapeshifter) (Vaults:1)
  A redback (Spider:4)
  A human (D:14)
  A wolf (Lair:6)
  An orc wizard (Elf:1)
  3 fungi (Lair:1)
  4 plants
  67 spectral weapons
  9 tentacles (Shoals:4)
89 creatures vanquished.

Grand Total: 1623 creatures vanquished

Notes
Turn   | Place    | Note
-------+----------+-------------------------------------------
     0 | D:1      | mopl the Merfolk Skald began the quest for the Orb.
     0 | D:1      | Reached XP level 1. HP: 16/16 MP: 3/3
   136 | D:1      | Reached XP level 2. HP: 21/22 MP: 1/5
   140 | D:1      | Learned a level 2 spell: Song of Slaying
   143 | D:1      | Learned a level 2 spell: Shroud of Golubria
   698 | D:1      | Reached skill level 4 in Polearms
   785 | D:1      | Reached XP level 3. HP: 21/27 MP: 6/6
  1038 | D:2      | Noticed Natasha
  1045 | D:2      | Killed Natasha
  1156 | D:2      | Noticed Natasha
  1174 | D:2      | Killed Natasha
  1174 | D:2      | Reached skill level 5 in Polearms
  1174 | D:2      | Reached XP level 4. HP: 21/33 MP: 2/8
  1189 | D:2      | Learned a level 3 spell: Spectral Weapon
  1206 | D:2      | Reached skill level 4 in Charms
  1467 | D:2      | Found a bloodstained altar of Trog.
  1504 | D:2      | Noticed Natasha
  1511 | D:2      | Killed Natasha
  1511 | D:2      | Reached XP level 5. HP: 28/38 MP: 3/9
  1977 | D:3      | Noticed Robin
  2000 | D:3      | Killed Robin
  2017 | D:3      | Got an ancient helmet
  2023 | D:3      | Identified the +2 helmet of the Insatiable Yaks {rC+ rCorr Int+4} (You took it off Robin on level 3 of the Dungeon)
  2211 | D:3      | Found a hazy altar of Hepliaklqana.
  2230 | D:3      | Found a burning altar of Makhleb.
  2239 | D:3      | Found an iron altar of Okawaru.
  2244 | D:3      | Noticed Sigmund
  2249 | D:3      | Became a worshipper of Warmaster Okawaru
  2307 | D:3      | Killed Sigmund
  2307 | D:3      | Reached * piety under Okawaru
  2307 | D:3      | Reached skill level 6 in Polearms
  2307 | D:3      | Reached skill level 3 in Spellcasting
  2307 | D:3      | Reached skill level 1 in Hexes
  2307 | D:3      | Reached skill level 1 in Translocations
  2307 | D:3      | Reached skill level 1 in Invocations
  2307 | D:3      | Reached XP level 6. HP: 41/44 MP: 0/10
  2330 | D:3      | Found a glowing silver altar of Zin.
  2335 | D:3      | Learned a level 3 spell: Regeneration
  2501 | D:3      | Found a deep blue altar of Sif Muna.
  2904 | D:4      | Noticed letownia2's ghost (weakling VSWz)
  2914 | D:4      | Found a stormy altar of Qazlal.
  3075 | D:5      | Entered Level 5 of the Dungeon
  3087 | D:5      | Noticed Menkaure
  3112 | D:5      | Killed Menkaure
  3112 | D:5      | Reached skill level 7 in Polearms
  3112 | D:5      | Reached skill level 2 in Hexes
  3112 | D:5      | Reached XP level 7. HP: 23/50 MP: 0/11
  3216 | D:5      | Reached ** piety under Okawaru
  3216 | D:5      | Reached skill level 2 in Invocations
  3262 | D:5      | Found Diunid's Distillery.
  3268 | D:5      | Bought a potion of invisibility for 88 gold pieces
  3462 | D:5      | Reached skill level 5 in Charms
  3628 | D:5      | Reached skill level 2 in Translocations
  3671 | D:5      | Reached skill level 8 in Polearms
  3766 | D:5      | Reached XP level 8. HP: 40/56 MP: 10/12
  3804 | D:4      | Reached skill level 3 in Hexes
  3804 | D:4      | Reached skill level 3 in Invocations
  4118 | D:4      | Reached skill level 9 in Polearms
  4149 | D:4      | Reached *** piety under Okawaru
  4665 | D:4      | Killed letownia2's ghost
  4961 | D:5      | Reached skill level 1 in Necromancy
  4990 | D:4      | Reached skill level 4 in Invocations
  5192 | D:5      | Reached skill level 6 in Charms
  5224 | D:5      | Reached skill level 10 in Polearms
  5321 | D:5      | Found a snail-covered altar of Cheibriados.
  5726 | D:6      | Reached XP level 9. HP: 61/61 MP: 6/13
  5766 | D:6      | Noticed Gigax's ghost (novice OpMo)
  5956 | D:6      | Reached skill level 2 in Necromancy
  5974 | D:6      | Found a glowing drain.
  5988 | D:6      | Reached **** piety under Okawaru
  5988 | D:6      | Reached skill level 11 in Polearms
  6017 | Sewer    | Entered a sewer
  6226 | Sewer    | Reached skill level 5 in Invocations
  6966 | D:6      | Noticed Eustachio
  6981 | D:6      | Killed Eustachio
  6981 | D:6      | Reached skill level 12 in Polearms
  6981 | D:6      | Reached skill level 3 in Dodging
  7557 | D:6      | Killed Gigax's ghost
  7557 | D:6      | Reached ***** piety under Okawaru
  7557 | D:6      | Reached skill level 3 in Fighting
  7557 | D:6      | Reached skill level 4 in Dodging
  7557 | D:6      | Reached skill level 6 in Invocations
  7639 | D:7      | Reached XP level 10. HP: 67/70 MP: 9/14
  7711 | D:7      | Reached skill level 13 in Polearms
  8008 | D:7      | Found a staircase to the Ecumenical Temple.
  8025 | D:7      | Found a hide-covered altar of Uskayaw.
  8079 | D:7      | Found the ring of Shadows {Umbra +Inv Stlth+}
  8140 | D:7      | Reached skill level 4 in Fighting
  8147 | D:7      | Found a shadowy altar of Dithmenos.
  8148 | D:7      | Found a blossoming altar of Fedhas.
  8437 | D:7      | Reached skill level 5 in Dodging
  8563 | D:8      | Reached skill level 7 in Charms
  8585 | D:8      | Reached skill level 1 in Evocations
  8645 | D:8      | Found a staircase to the Lair.
  8878 | D:8      | Received a gift from Okawaru
  9228 | D:8      | Noticed Psyche
  9240 | D:8      | Killed Psyche
  9290 | D:8      | Found a shattered altar of Ashenzari.
  9426 | D:8      | Reached skill level 2 in Evocations
  9713 | D:9      | Reached skill level 7 in Invocations
  9981 | D:9      | Reached skill level 14 in Polearms
  9984 | D:9      | Received a gift from Okawaru
  9984 | D:9      | Reached skill level 5 in Fighting
  9984 | D:9      | Reached skill level 6 in Dodging
  9990 | D:9      | Reached XP level 11. HP: 36/79 MP: 0/16
  9991 | D:9      | Got a steaming glaive {god gift}
 10009 | D:9      | Identified the +2 glaive of Nor Zor {flame, +Inv rN++ MR+ Dex+2} (Okawaru gifted it to you on level 9 of the Dungeon)
 10101 | D:9      | Reached skill level 3 in Necromancy
 10530 | D:10     | Entered Level 10 of the Dungeon
 10686 | D:10     | Noticed a green ugly thing
 10714 | D:10     | Killed a green ugly thing
 10760 | D:10     | Reached skill level 3 in Evocations
 10875 | D:10     | Noticed a two-headed ogre
 10882 | D:10     | Killed a two-headed ogre
 10956 | D:10     | Received a gift from Okawaru
 11411 | D:10     | HP: 2/80 [killer bee (7)]
 11664 | Lair:1   | Entered Level 1 of the Lair of Beasts
 11748 | Lair:1   | Reached ****** piety under Okawaru
 11750 | Lair:1   | Received a gift from Okawaru
 11940 | Lair:1   | Reached skill level 7 in Dodging
 11940 | Lair:1   | Reached skill level 4 in Hexes
 12015 | Lair:1   | Reached skill level 8 in Charms
 12138 | Lair:1   | Reached skill level 6 in Fighting
 12138 | Lair:1   | Reached skill level 1 in Throwing
 12148 | Lair:1   | Received a gift from Okawaru
 12148 | Lair:1   | Reached skill level 15 in Polearms
 12151 | Lair:1   | Got a brightly glowing glaive {god gift}
 12169 | Lair:1   | Identified the +1 glaive of Causality {speed, *Drain Fragile rC+++ Int+10} (Okawaru gifted it to you on level 1 of the Lair of Beasts)
 12616 | Lair:2   | Found a hole to the Spider Nest.
 12628 | Lair:2   | Got a transparent ring mail
 12748 | Lair:2   | Reached skill level 8 in Invocations
 12748 | Lair:2   | Reached skill level 4 in Evocations
 12759 | Lair:2   | Identified the +5 ring mail of the Yeti {*Contam rF+ Int+6} (You found it on level 2 of the Lair of Beasts)
 12938 | Lair:2   | Reached XP level 12. HP: 88/88 MP: 18/18
 13328 | Lair:2   | Noticed a four-headed hydra
 13331 | Lair:2   | Reached skill level 4 in Necromancy
 13339 | Lair:2   | Killed a one-headed hydra
 13339 | Lair:2   | Received a gift from Okawaru
 13339 | Lair:2   | Reached skill level 2 in Throwing
 13351 | Lair:2   | Got an ancient great sword {god gift}
 13796 | Lair:3   | Noticed Harold
 13808 | Lair:3   | Killed Harold
 13913 | Lair:3   | Reached skill level 8 in Dodging
 13947 | Lair:3   | Reached skill level 5 in Hexes
 14110 | Lair:3   | Learned a level 2 spell: Blink
 14605 | Lair:4   | Reached skill level 3 in Throwing
 14660 | Lair:4   | Found a staircase to the Shoals.
 14946 | Lair:4   | Reached skill level 16 in Polearms
 15551 | Lair:5   | Reached skill level 7 in Fighting
 15571 | Lair:5   | Noticed Nattefrost's ghost (journeyman TrMo)
 15599 | Lair:5   | Killed Nattefrost's ghost
 15599 | Lair:5   | Reached skill level 5 in Evocations
 15642 | Lair:5   | Received a gift from Okawaru
 15851 | Lair:5   | Reached skill level 3 in Translocations
 15919 | Lair:5   | Noticed an eight-headed hydra
 15928 | Lair:5   | Killed a three-headed hydra
 15928 | Lair:5   | Reached skill level 4 in Throwing
 15928 | Lair:5   | Reached skill level 9 in Dodging
 15989 | Lair:5   | Reached XP level 13. HP: 97/97 MP: 19/19
 16269 | Lair:5   | Found a runed door.
 16269 | Lair:5   | Found a viscous altar of Jiyva.
 16269 | Lair:5   | Found a staircase to the Slime Pits.
 16269 | Lair:5   | Noticed an acid blob
 16386 | Lair:6   | Entered Level 6 of the Lair of Beasts
 16673 | Lair:6   | Reached skill level 17 in Polearms
 16737 | Lair:6   | Reached skill level 8 in Fighting
 16927 | Lair:6   | Reached skill level 5 in Throwing
 16929 | Lair:6   | Reached skill level 4 in Translocations
 17006 | Lair:6   | Received a gift from Okawaru
 17013 | Lair:6   | Received a gift from Okawaru
 17036 | Lair:6   | Reached skill level 10 in Dodging
 17123 | Lair:6   | Received a gift from Okawaru
 17192 | Lair:6   | Got a serpentine golden amulet
 17195 | Lair:6   | Identified the amulet "Kyopher" {Harm *Drain rPois rC++} (You found it on level 6 of the Lair of Beasts)
 17227 | Lair:6   | HP: 6/148 [poisoned by a hornet]
 17244 | Lair:6   | Reached skill level 18 in Polearms
 17426 | Lair:6   | Reached skill level 6 in Evocations
 17623 | Lair:6   | Reached skill level 9 in Fighting
 17623 | Lair:6   | Reached XP level 14. HP: 98/108 MP: 17/20
 17663 | Lair:6   | Reached skill level 6 in Throwing
 18203 | D:11     | Found Bungi's Antique Weapon Shop.
 18243 | D:11     | Found Jimidghu's Assorted Antiques.
 18246 | D:11     | Bought a scroll labeled UFFINL IHYLL for 18 gold pieces
 18546 | D:11     | Received a gift from Okawaru
 18607 | D:11     | Found a staircase to the Orcish Mines.
 18765 | Orc:1    | Entered Level 1 of the Orcish Mines
 18779 | Orc:1    | Reached skill level 5 in Translocations
 18899 | Orc:2    | Entered Level 2 of the Orcish Mines
 18925 | Orc:2    | Noticed an orc warlord
 19195 | Orc:2    | Killed an orc warlord
 19195 | Orc:2    | Reached skill level 11 in Dodging
 19235 | Orc:1    | Received a gift from Okawaru
 19443 | Orc:2    | Found a staircase to the Elven Halls.
 19614 | Orc:2    | Found Nigurchot's Magic Scroll Shoppe.
 19614 | Orc:2    | Found Gofeoddo's Food Shop.
 19619 | Orc:2    | Bought a scroll of summoning for 114 gold pieces
 19619 | Orc:2    | Bought a scroll of torment for 90 gold pieces
 19619 | Orc:2    | Bought a scroll of identify for 24 gold pieces
 19619 | Orc:2    | Bought a scroll of identify for 24 gold pieces
 19619 | Orc:2    | Bought a scroll of identify for 24 gold pieces
 19619 | Orc:2    | Bought a scroll of teleportation for 36 gold pieces
 19619 | Orc:2    | Bought a scroll of fog for 24 gold pieces
 19824 | Orc:2    | Reached skill level 19 in Polearms
 19855 | Orc:2    | Found a roughly hewn altar of Beogh.
 19906 | Orc:2    | Found Wipsidy's Gadget Shoppe.
 19906 | Orc:2    | Found Paugisen's Food Shop.
 19941 | Orc:2    | Reached skill level 7 in Evocations
 20089 | Orc:2    | Reached skill level 7 in Throwing
 20575 | Orc:1    | Noticed a stone giant
 20616 | Orc:1    | Killed a stone giant
 20657 | Orc:1    | Reached skill level 10 in Fighting
 20946 | Lair:1   | Identified 2 scrolls of acquirement
 20957 | Lair:1   | Got a shimmering plate armour
 21156 | D:12     | Received a gift from Okawaru
 21454 | D:12     | Noticed Nergalle
 21468 | D:12     | Killed Nergalle
 21468 | D:12     | Received a gift from Okawaru
 21479 | D:12     | Reached XP level 15. HP: 86/115 MP: 14/21
 21506 | D:12     | Got an ichor-stained hat {god gift}
 21517 | D:12     | Identified the +0 hat "Hoc Feadd" {-Tele rC+ Regen+ Str+4} (Okawaru gifted it to you on level 12 of the Dungeon)
 21738 | D:13     | Noticed Frances
 21761 | D:12     | Killed Frances
 21843 | D:13     | Reached skill level 12 in Dodging
 21878 | D:13     | Found Boziuxel's Food Shop.
 21963 | D:13     | Reached skill level 20 in Polearms
 22131 | D:13     | Reached skill level 8 in Evocations
 22559 | D:14     | Reached skill level 8 in Throwing
 22846 | D:13     | Received a gift from Okawaru
 22952 | D:14     | Found a gate to the Vaults.
 23273 | D:14     | Reached skill level 11 in Fighting
 23276 | D:14     | Found a hide-covered altar of Uskayaw.
 23547 | D:14     | Reached skill level 21 in Polearms
 23557 | D:14     | Reached skill level 13 in Dodging
 23658 | D:14     | Received a gift from Okawaru
 23685 | D:14     | Reached XP level 16. HP: 83/125 MP: 22/22
 23687 | D:14     | Reached skill level 9 in Throwing
 23954 | D:15     | Entered Level 15 of the Dungeon
 23954 | D:15     | Found Vugaesuq's Antique Armour Shoppe.
 24008 | D:15     | Received a gift from Okawaru
 24036 | D:15     | Found Ohenog's Book Emporium.
 24065 | D:15     | Found a frozen archway.
 24239 | IceCv    | Entered an ice cave
 24252 | IceCv    | Received a gift from Okawaru
 24272 | IceCv    | Got a pitted hat {god gift}
 24284 | IceCv    | Identified the +1 hat of Serioz {+Blink} (Okawaru gifted it to you in an ice cave)
 24408 | IceCv    | Found the +10 large shield of Ignorance {rN+ Int-4}
 24438 | IceCv    | Identified the +5 ice dragon scales of the Heavens {rF- rC++ Str+2 Dex+4} (You found it in an ice cave)
 24492 | D:15     | Found Esairu's Distillery.
 24495 | D:15     | Bought a potion of curing for 42 gold pieces
 24495 | D:15     | Bought a potion of curing for 42 gold pieces
 24495 | D:15     | Bought a potion of cancellation for 112 gold pieces
 24495 | D:15     | Bought a potion of heal wounds for 70 gold pieces
 24495 | D:15     | Bought a potion of heal wounds for 70 gold pieces
 24495 | D:15     | Bought a potion of berserk rage for 70 gold pieces
 24526 | D:15     | Found Attatobi's Distillery.
 24531 | D:15     | Bought a potion of agility for 44 gold pieces
 24531 | D:15     | Bought a potion of agility for 44 gold pieces
 24531 | D:15     | Bought a potion of haste for 110 gold pieces
 24531 | D:15     | Bought a potion of curing for 33 gold pieces
 24531 | D:15     | Bought a potion of agility for 44 gold pieces
 24531 | D:15     | Bought a potion of heal wounds for 55 gold pieces
 24531 | D:15     | Bought a potion of heal wounds for 55 gold pieces
 24531 | D:15     | Bought a potion of heal wounds for 55 gold pieces
 24531 | D:15     | Bought a potion of might for 44 gold pieces
 24531 | D:15     | Bought a potion of might for 44 gold pieces
 24531 | D:15     | Bought a potion of cancellation for 88 gold pieces
 24576 | D:15     | Found Liefam's General Store.
 24584 | D:15     | Bought a scroll of enchant weapon for 112 gold pieces
 24605 | D:15     | Found a glowing golden altar of the Shining One.
 24969 | D:15     | Found a staircase to the Depths.
 25221 | Shoals:1 | Entered Level 1 of the Shoals
 25422 | Shoals:1 | Reached skill level 22 in Polearms
 25431 | Shoals:1 | Reached skill level 12 in Fighting
 26088 | Shoals:2 | Reached skill level 14 in Dodging
 26228 | Shoals:2 | Received a gift from Okawaru
 26234 | Shoals:2 | Reached skill level 10 in Throwing
 26280 | Shoals:2 | Identified the +7 halberd "Movvuhir" {flame, rPois rF- Int+8 SInv} (Okawaru gifted it to you on level 2 of the Shoals)
 27837 | Shoals:3 | Reached skill level 1 in Armour
 28071 | Shoals:4 | Entered Level 4 of the Shoals
 28085 | Shoals:4 | Reached XP level 17. HP: 130/135 MP: 23/23
 28129 | Shoals:4 | Noticed Ilsuiw
 28234 | Shoals:4 | Killed Ilsuiw
 28520 | Shoals:4 | Identified the Handbook of Transmigration
 28654 | Shoals:4 | Received a gift from Okawaru
 28776 | Shoals:4 | Received a gift from Okawaru
 28841 | Shoals:4 | Learned a level 5 spell: Yara's Violent Unravelling
 29128 | Shoals:4 | Got a barnacled rune of Zot
 29221 | Shoals:4 | Reached skill level 2 in Armour
 29313 | Shoals:4 | Received a gift from Okawaru
 29502 | Shoals:4 | Reached skill level 23 in Polearms
 29504 | Shoals:4 | Reached skill level 11 in Throwing
 29710 | Spider:1 | Entered Level 1 of the Spider Nest
 30195 | Spider:1 | Received a gift from Okawaru
 30219 | Spider:1 | HP: 6/135 [poisoned by a wolf spider]
 30225 | Spider:1 | HP: 6/135 [poisoned by a wolf spider]
 30618 | Spider:2 | Received a gift from Okawaru
 30652 | Spider:2 | Reached skill level 15 in Dodging
 30671 | Spider:2 | Reached skill level 9 in Charms
 30671 | Spider:2 | Reached skill level 5 in Necromancy
 30750 | Spider:2 | Reached XP level 18. HP: 106/142 MP: 19/24
 30752 | Spider:2 | Reached skill level 9 in Evocations
 30846 | Spider:3 | Reached skill level 3 in Armour
 30936 | Spider:3 | Reached skill level 13 in Fighting
 31082 | Spider:3 | Received a gift from Okawaru
 31275 | Spider:4 | Entered Level 4 of the Spider Nest
 31442 | Spider:4 | Received a gift from Okawaru
 31479 | Spider:4 | Identified the +3 scale mail of Cowardice {*Corrode rN++ MR- Dex+4} (Okawaru gifted it to you on level 4 of the Spider Nest)
 31784 | Spider:4 | Reached skill level 12 in Throwing
 32186 | Spider:4 | Identified the ring of the Leaf {rElec rF+ MP-9 Dex+7 SInv} (You found it on level 4 of the Spider Nest)
 32579 | Spider:4 | Received a gift from Okawaru
 33078 | Spider:4 | Got a gossamer rune of Zot
 33192 | Spider:2 | Reached skill level 4 in Armour
 33503 | Elf:1    | Entered Level 1 of the Elven Halls
 33565 | Elf:1    | Reached XP level 19. HP: 134/150 MP: 17/26
 33721 | Elf:1    | Reached skill level 24 in Polearms
 33741 | Elf:1    | Reached skill level 10 in Charms
 33741 | Elf:1    | Reached skill level 6 in Necromancy
 33748 | Elf:1    | Noticed an Ice Fiend
 33937 | Elf:1    | Found Zeforanai's Antique Weapon Emporium.
 34378 | Elf:1    | Found Emafaq's Book Shop.
 34540 | Elf:2    | Received a gift from Okawaru
 34743 | Elf:2    | Reached skill level 10 in Evocations
 34744 | Elf:2    | Received a gift from Okawaru
 34856 | Elf:2    | Reached skill level 1 in Stealth
 34951 | Elf:2    | Found a runed gate.
 34951 | Elf:2    | Found a runed gate.
 34951 | Elf:2    | Found a runed gate.
 34983 | Elf:2    | Found Dumenena's Food Shoppe.
 34998 | Elf:2    | Received a gift from Okawaru
 35003 | Elf:2    | Identified the +1 robe "Yxke" {Str+10 Int-5 Dex-4 SInv} (Okawaru gifted it to you on level 2 of the Elven Halls)
 35004 | Elf:2    | Noticed Roxanne
 35017 | Elf:2    | Reached skill level 13 in Throwing
 35043 | Elf:2    | Killed Roxanne
 35052 | Elf:2    | Identified Roxanne's Papyrus of the Mountains (You took it off Roxanne on level 2 of the Elven Halls)
 35414 | Elf:3    | Entered Level 3 of the Elven Halls
 35455 | Elf:3    | Reached skill level 2 in Stealth
 35466 | Elf:3    | Found Tamanul's Food Emporium.
 35466 | Elf:3    | Found Qepsies's Book Shoppe.
 35485 | Elf:3    | Found a flickering gateway to a bazaar.
 35502 | Elf:3    | Gained mutation: Scrolls take you a little longer to read. [a neqoxec]
 35503 | Elf:3    | Reached skill level 16 in Dodging
 35510 | Bazaar   | Entered a bazaar
 35510 | Bazaar   | Found Sihum's Antique Weapon Boutique.
 35510 | Bazaar   | Found Xewooneff's Jewellery Shop.
 35515 | Bazaar   | Found Xuakhyr's Antique Weapon Shop.
 35523 | Bazaar   | Found Nuyrus's Magic Scroll Boutique.
 35531 | Bazaar   | Bought a scroll of teleportation for 33 gold pieces
 35531 | Bazaar   | Bought a scroll of teleportation for 33 gold pieces
 35531 | Bazaar   | Bought a scroll of identify for 22 gold pieces
 35531 | Bazaar   | Bought a scroll of identify for 22 gold pieces
 35531 | Bazaar   | Bought a scroll of fog for 22 gold pieces
 35531 | Bazaar   | Bought a scroll of identify for 22 gold pieces
 35531 | Bazaar   | Bought a scroll of teleportation for 33 gold pieces
 35531 | Bazaar   | Bought a scroll of magic mapping for 38 gold pieces
 35531 | Bazaar   | Found Itaholag's Food Emporium.
 35601 | Bazaar   | Bought a scroll of enchant weapon for 82 gold pieces
 35601 | Bazaar   | Bought a scroll of brand weapon for 220 gold pieces
 36187 | Elf:3    | Reached skill level 1 in Transmutations
 36406 | Elf:3    | Noticed a Hell Sentinel
 36511 | Elf:3    | Reached skill level 3 in Stealth
 36555 | Elf:3    | Reached skill level 2 in Transmutations
 36716 | Elf:3    | Reached skill level 5 in Armour
 36812 | Elf:3    | Received a gift from Okawaru
 36921 | Elf:3    | Noticed a Hell Sentinel
 36998 | Elf:3    | Received a gift from Okawaru
 36998 | Elf:3    | Reached skill level 14 in Fighting
 37036 | Elf:3    | Reached XP level 20. HP: 159/159 MP: 15/27
 37048 | Elf:3    | Identified the amulet of Iciloxui {Gourm rPois Slay+4} (You took it off a deep elf mage on level 3 of the Elven Halls)
 37101 | Elf:3    | Reached skill level 3 in Transmutations
 37169 | Elf:3    | Identified the ring of Wifevvac {rPois rC+ rN+ Str-5 SInv} (You took it off a deep elf master archer on level 3 of the Elven Halls)
 37228 | Elf:3    | Reached skill level 4 in Stealth
 37362 | Elf:3    | Identified a +1 pair of boots of running (You found it on level 3 of the Elven Halls)
 38559 | Elf:2    | Reached skill level 6 in Hexes
 38559 | Elf:2    | Reached skill level 4 in Transmutations
 38563 | Elf:2    | Reached skill level 25 in Polearms
 39012 | Vaults:1 | Entered Level 1 of the Vaults
 39384 | D:14     | Reached skill level 14 in Throwing
 39424 | Vaults:1 | Reached skill level 5 in Stealth
 39480 | Vaults:1 | Received a gift from Okawaru
 39656 | Vaults:1 | Reached skill level 5 in Transmutations
 39773 | Vaults:1 | Received a gift from Okawaru
 39819 | Vaults:1 | Received a gift from Okawaru
 40050 | Vaults:1 | Received a gift from Okawaru
 40217 | Vaults:1 | Reached skill level 6 in Armour
 40220 | Vaults:1 | Reached XP level 21. HP: 166/166 MP: 16/28
 40376 | Vaults:1 | Reached skill level 7 in Hexes
 40937 | Lair:5   | Reached skill level 17 in Dodging
 40946 | Slime:1  | Entered Level 1 of the Pits of Slime
 41030 | Slime:2  | Gained mutation: Your body sometimes deteriorates upon taking damage. [a shining eye]
 41038 | Slime:2  | Gained mutation: You expend magic power (3 MP) to strengthen your wands. [a shining eye]
 41145 | Slime:3  | Gained mutation: You are weak. (Str -2) [a shining eye]
 41147 | Slime:2  | Gained mutation: Your body often deteriorates upon taking damage. [a shining eye]
 41312 | Slime:4  | Paralysed by a great orb of eyes for 6 turns
 41318 | Slime:4  | Annihilated by a titanic slime creature

Skill      XL: |  1  2  3  4  5  6  7  8  9 10 11 12 13 14 15 16 17 18 19 20 21 |
---------------+----------------------------------------------------------------+-----
Polearms       | 4 5 6 7 8 10 12 14 15 16 18 19 21 22 23 24 25 | 25.8
Charms         | 4 5 6 7 8 9 10 | 10.0
Spellcasting   | 3 |  3.2
Hexes          | 1 2 3 4 5 6 7 |  7.3
Translocations | 1 2 3 4 5 |  5.0
Invocations    | 1 2 4 6 7 8 |  8.0
Necromancy     | 1 2 3 4 5 6 |  6.0
Dodging        | 4 6 7 9 10 11 13 14 15 16 17 | 17.1
Fighting       | 3 5 6 7 9 10 11 12 13 14 | 14.7
Evocations     | 2 4 5 6 7 8 9 10 | 10.0
Throwing       | 1 4 5 7 8 10 11 12 13 14 | 14.8
Armour         | 1 2 4 5 6 |  6.3
Stealth        | 3 5 |  5.0
Transmutations | 2 5 |  5.1

Action                   |  1- 3 |  4- 6 |  7- 9 | 10-12 | 13-15 | 16-18 | 19-21 || total
-------------------------+-------+-------+-------+-------+-------+-------+-------++-------
Melee: Spear             |    91 |   229 |   762 |   165 |       |       |       ||  1247
       Trident           |       |       |    56 |    74 |       |       |       ||   130
       Tailslap          |       |       |    23 |       |       |    26 |       ||    49
       Bardiche          |       |       |       |    14 |       |       |       ||    14
       Punch             |       |       |       |     3 |       |       |       ||     3
       Glaive            |       |       |       |   521 |  1353 |  1721 |  1421 ||  5016
Throw: Tomahawk          |       |       |       |       |     2 |   117 |    12 ||   131
 Cast: Infusion          |     8 |    10 |    33 |    14 |       |       |       ||    65
       Shroud of Golubri |       |     4 |     2 |     9 |    11 |     5 |     2 ||    33
       Song of Slaying   |       |     1 |     1 |     8 |    10 |     5 |     6 ||    31
       Regeneration      |       |     1 |    19 |    31 |    73 |   163 |    83 ||   370
       Spectral Weapon   |       |       |     7 |    31 |    63 |    87 |    53 ||   241
       Blink             |       |       |       |       |    10 |    25 |    10 ||    45
Invok: Heroism           |       |     1 |     2 |     3 |     5 |     1 |     2 ||    14
       Finesse           |       |       |       |       |       |       |     1 ||     1
 Abil: Evoke Invisibilit |       |       |       |       |     4 |     1 |     1 ||     6
Evoke: Wand              |       |       |     2 |     5 |    10 |    15 |     5 ||    37
  Use: Scroll            |     2 |     6 |     6 |    16 |    12 |    11 |    11 ||    64
       Potion            |       |     1 |     2 |     4 |     6 |     5 |     1 ||    19
 Stab: Sleeping          |     1 |     1 |     6 |    25 |    24 |    10 |    32 ||    99
       Distracted        |       |     1 |       |    11 |    15 |    19 |    35 ||    81
       Invisible         |       |       |    12 |       |     9 |     7 |     7 ||    35
       Paralysed         |       |       |    27 |     4 |       |     5 |       ||    36
  Eat: Chunk             |     1 |     7 |    18 |    29 |    44 |    54 |    34 ||   187
       Ration            |       |       |       |     2 |       |     3 |     3 ||     8
Armor: Leather armour    |    17 |    37 |   120 |    14 |       |       |       ||   188
       Skin              |       |       |       |    17 |     8 |       |       ||    25
       Troll leather arm |       |       |       |    44 |       |       |       ||    44
       Ring mail         |       |       |       |    43 |   202 |   402 |   168 ||   815
Dodge: Dodged            |    51 |    79 |   268 |   518 |   818 |  1552 |   942 ||  4228
       Deflected         |       |       |       |       |    29 |    43 |    50 ||   122
